 Dungeon Crawl Stone Soup version 0.31-a0-232-gb1c03b2570 (webtiles) character file.

Game seed: 17595108921081750435

27 qw the Shooter (level 3, -3/21 HPs)
             Began as a Gargoyle Hexslinger on July 7, 2023.
             Slain by Sigmund
             ... wielding a +0 scythe
              (5 damage)
             ... on level 2 of the Dungeon.
             The game lasted 00:00:28 (800 turns).

qw the Shooter (Gargoyle Hexslinger)                 Turns: 800, Time: 00:00:28

Health: -3/21      AC:  7    Str: 11    XL:     3   Next: 10%
Magic:  4/4        EV: 11    Int: 13    God:
Gold:   18         SH:  0    Dex: 14    Spells: 3/4 levels left

rFire   . . .        Y - +1 sling
rCold   . . .        (no shield)
rNeg    + . .        m - +0 leather armour
rPois   inf          (no helmet)
rElec   +            d - +0 cloak
rCorr   .            (no gloves)
SInv    .            (no boots)
Will    .....        (no amulet)
Stlth   +            (no ring)
HPRegen 0.23/turn    (no ring)
MPRegen 0.09/turn

%: no passive effects
@: about to teleport
A: sickness immunity, AC +3, negative energy resistance 1, electricity
resistance, torment resistance 1, petrification resistance
a: no special abilities


You were on level 2 of the Dungeon.
You visited 1 branch of the dungeon, and saw 2 of its levels.

You collected 51 gold pieces.
You spent 33 gold pieces at shops.


Innate Abilities, Weirdness & Mutations

You are immune to sickness and miasma.
Your stone body is resilient. (AC +3)
You are immune to poison.
You resist negative energy. (rN+)
You are resistant to electric shocks. (rElec)
You are resistant to unholy torment.
You are immune to petrification.


   Skills:
 - Level 2.0 Fighting
 + Level 3.1 Ranged Weapons
 - Level 1.5 Dodging
 - Level 1.0 Spellcasting
 - Level 2.6 Hexes


You had 3 spell levels left.
You knew the following spells:

 Your Spells              Type           Power      Damage    Failure   Level
a - Slow                  Hex            28%        N/A       12%         1

Your spell library contained the following spells:

 Spells                   Type           Power      Damage    Failure   Level
 Inner Flame              Hex/Fire       4%         N/A       54%         3
 Portal Projectile        Hex/Tloc       8%         N/A       54%         3
 Cause Fear               Hex            3%         N/A       77%         4

Inventory:

Hand Weapons
 Y - a +1 sling (weapon)
Armour
 d - a +0 cloak (worn)
 m - a +0 leather armour (worn)
Potions
 k - a potion of brilliance {unknown}
 l - a potion of cancellation {unknown}

Dungeon Overview and Level Annotations

Branches:
Dungeon (2/15)

Altars:

Shops:
D:1 ?

Annotations:
D:2 Sigmund


Message History

788 ||| DRINKING potion of heal wounds.
You feel much better. Sigmund misses you. Sigmund barely misses you.
The dart slug launches a dart at you.
The slug dart hits you but does no damage.
You feel less confused.
Sigmund screams, "Die, monster!"
Sigmund hits you from afar with a +0 scythe!
You shoot a sling bullet. The sling bullet barely misses Sigmund.
You shoot a sling bullet. The sling bullet hits Sigmund.
Sigmund is moderately wounded.
Sigmund hits you but does no damage.
You shoot a sling bullet. The sling bullet hits Sigmund.
Sigmund is heavily wounded.
Sigmund barely misses you. The dart slug launches a dart at you.
The slug dart hits you but does no damage.
You shoot a sling bullet. The sling bullet hits Sigmund.
Sigmund is severely wounded.
Sigmund hits you from afar with a +0 scythe!
The dart slug launches a dart at you. The slug dart hits you.
You shoot a sling bullet.
The sling bullet closely misses Sigmund.
Sigmund barely misses you.
You shoot a sling bullet. The sling bullet hits the dart slug.
The dart slug is moderately wounded.
The dart slug bites you but does no damage.
Sigmund barely misses you.
You shoot a sling bullet. The sling bullet hits the dart slug.
The dart slug is heavily wounded.
The dart slug bites you but does no damage.
Sigmund hits you from afar with a +0 scythe.
799 ||| READING scroll of teleportation.
As you read the scroll of teleportation, it crumbles to dust.
You feel strangely unstable.
You shoot a sling bullet. The sling bullet hits the dart slug.
The dart slug is severely wounded.
Sigmund hits you from afar with a +0 scythe.
You die...

#.########...#
#.##.....#...#
##............# #
#...##.#...####.#
#...'..#....<...#
#...####..##.####
##...# #.....#
#....# #.#####
#@#### #.
#...@..w).# #.
#............#.
#.........##.#
#...##.$..# #....
#.##.# .... ..#
.. .... ### .#.


You could see Sigmund and a dart slug.

Vanquished Creatures
  An endoplasm (D:1)
  2 goblins (D:1)
  3 hobgoblins (D:1)
  2 jackals (D:1)
  6 ball pythons (D:1)
  4 bats (D:1)
  3 frilled lizards (D:1)
  2 kobolds (D:1)
  4 rats (D:1)
27 creatures vanquished.

Notes
Turn   | Place    | Note
-------+----------+-------------------------------------------
     0 | D:1      | qw the Gargoyle Hexslinger began the quest for the Orb.
     0 | D:1      | Reached XP level 1. HP: 12/12 MP: 2/2
     0 | D:1      | 0 ||| qw: Version: 0.3-a-46-gb1f654a
     0 | D:1      | 0 ||| qw: Game counter: 2390
     0 | D:1      | 0 ||| qw: Melee chars always use a shield: true
     0 | D:1      | 0 ||| qw: God list: Okawaru
     0 | D:1      | 0 ||| qw: Allow faded altars: false
     0 | D:1      | 0 ||| qw: Do Orc after clearing Dungeon:15 true
     0 | D:1      | 0 ||| qw: Do second Lair branch before Depths: true
     0 | D:1      | 0 ||| qw: Lair rune preference: random
     0 | D:1      | 0 ||| qw: Goals: Normal
     0 | D:1      | 0 ||| PLANNING D:1-11
    87 | D:1      | Reached XP level 2. HP: 11/16 MP: 3/3
   201 | D:1      | 201 ||| Stepping ~*~*~tactically~*~*~ (water).
   242 | D:1      | Reached skill level 3 in Ranged Weapons
   340 | D:1      | Found Ezxirir's Magic Scroll Boutique.
   356 | D:1      | 356 ||| SHOPLISTING scroll of enchant armour (82 gold, have
                  | 41).
   356 | D:1      | 356 ||| SHOPLISTING scroll of enchant weapon (82 gold, have
                  | 41).
   356 | D:1      | 356 ||| BUYING scroll of teleportation (33 gold).
   356 | D:1      | Bought a scroll of teleportation for 33 gold pieces
   356 | D:1      | 356 ||| SHOPLISTING scroll of teleportation (33 gold, have
                  | 8).
   541 | D:1      | Reached XP level 3. HP: 21/21 MP: 4/4
   688 | D:1      | 688 ||| UPGRADING to +0 cloak.
   693 | D:1      | 693 ||| UPGRADING to +0 leather armour.
   703 | D:1      | 703 ||| DROPPING +0 robe.
   704 | D:1      | 704 ||| READING scroll labelled RUIFOXT PAGUT.
   705 | D:1      | 705 ||| READING scroll labelled AMENURPHESIZE.
   706 | D:1      | 706 ||| READING scroll labelled WYSETZ DUETZ.
   707 | D:1      | 707 ||| DRINKING 2 viscous brown potions.
   708 | D:1      | 708 ||| DRINKING 2 fizzy emerald potions.
   709 | D:1      | 709 ||| DROPPING scroll of poison.
   710 | D:1      | 710 ||| DROPPING potion of attraction.
   769 | D:2      | Noticed Sigmund
   787 | D:2      | HP: 5/21 [Sigmund/magic dart (9)]
   788 | D:2      | 788 ||| DRINKING potion of heal wounds.
   798 | D:2      | HP: 2/21 [Sigmund/+0 scythe (5)]
   799 | D:2      | 799 ||| READING scroll of teleportation.
   800 | D:2      | Slain by Sigmund

Levels and vault maps discovered:
D:1:      tarquinn_simple_flora_water_d, layout_basic, serial_shops,
          nicolae_shop_advertising_works [nicolae_subvault_shop_adworks],
          serial_bayou_lagoon_b
D:2:      layout_basic, shapermc_ecumenical_altar_hornbeckon, uniq_sigmund,
          uniq_terence

Skill      XL: |  1  2  3 |
---------------+----------+-----
Ranged Weapons | 3 |  3.1
Fighting       | 2 |  2.0
Dodging        | |  1.5
Spellcasting   | |  1.0
Hexes          | |  2.6

Action                     || total
---------------------------++-------
   Fire: Sling             ||   106
    Use: Scroll            ||     4
         Potion            ||     3
 Armour: Robe              ||    17
         Leather armour    ||    13
  Dodge: Dodged            ||    61

Table legend:
 A = Non-vault XP
 B = Vault XP
 C = Vault XP percentage of total XP
 D = Non-vault monster count
 E = Vault monster count
 F = Vault count percentage of total count
                 A         B        C        D         E       F
            +---------+---------+-------+---------+---------+-------
      Total |      39 |       0 |   0.0 |      27 |       0 |   0.0
            +---------+---------+-------+---------+---------+-------
        D:1 |      39 |       0 |   0.0 |      27 |       0 |   0.0
            +---------+---------+-------+---------+---------+-------
